 Dungeon Crawl Stone Soup version 0.21.1-1-g345015f (webtiles) character file.

1372 teukkam the Skirmisher (level 8, -2/106 HPs)
             Began as a Minotaur Berserker on Feb 14, 2018.
             Was a Priest of Trog.
             Killed from afar by an electric eel (9 damage)
             ... with a bolt of electricity
             ... on level 6 of the Dungeon.
             The game lasted 00:16:19 (4729 turns).

teukkam the Skirmisher (Minotaur Berserker)         Turns: 4729, Time: 00:16:20

Health: -2/106     AC: 13    Str: 28    XL:     8   Next: 38%
Magic:  2/2        EV: 11    Int:  4    God:    Trog [***...]
Gold:   150        SH:  0    Dex: 11    Spells: 7/7 levels left

rFire    . . .     SeeInvis .   a - +2 trident (antimagic)
rCold    . . .     Gourm    .   (no shield)
rNeg     . . .     Faith    .   F - +0 chain mail
rPois    .         Spirit   .   (helmet restricted)
rElec    .         Reflect  .   (no cloak)
rCorr    .         Harm     .   (no gloves)
MR       .....                  (no boots)
Stlth    ..........             u - amulet of regeneration
HPRegen  0.67/turn              e - +3 ring of protection
MPRegen  0.08/turn              f - ring of stealth

@: berserking, very quick
A: retaliatory headbutt, horns 2
a: Berserk, Trog's Hand, Burn Spellbooks, Renounce Religion


You were on level 6 of the Dungeon.
You worshipped Trog.
Trog was most pleased with you.
You were not hungry.

You visited 1 branch of the dungeon, and saw 6 of its levels.

You collected 150 gold pieces.

Inventory:

Hand Weapons
 a - a +2 antimagic trident (weapon)
 b - a +0 blowgun
 l - a +0 hand axe
 v - a +2 whip of electrocution
 C - a +4 halberd
 G - a +2 dagger of electrocution
 H - a +1 dagger of venom
Missiles
 g - 6 javelins (quivered)
 j - a throwing net
 m - 7 tomahawks of returning
 w - 28 poisoned needles
Armour
 F - a +0 chain mail (worn)
Magical Staves
 A - an uncursed staff of conjuration
Jewellery
 e - a +3 ring of protection (left hand)
 f - a ring of stealth (right hand)
 k - an uncursed amulet of rage {unknown}
 t - an uncursed ring of magical power
 u - an amulet of regeneration (around neck)
 y - an uncursed amulet of magic regeneration
Wands
 z - a wand of clouds (1)
Scrolls
 h - a scroll of teleportation
 o - 3 scrolls of identify
 x - 2 scrolls of random uselessness
 D - a scroll of enchant weapon
 I - a scroll of remove curse
Potions
 d - 2 potions of haste
 i - 3 potions of degeneration {unknown}
 n - a potion of heal wounds {unknown}
 p - 2 potions of ambrosia {unknown}
 r - a potion of magic {unknown}
 B - 3 potions of curing {unknown}
 E - 2 potions of flight {unknown}
Books
 q - a book of Maledictions

   Spells                             Type                      Level
   a - Corona                         Hexes                        1
   b - Ensorcelled Hibernation        Hexes/Ice                    2
   c - Confuse                        Hexes                        3
   d - Tukima's Dance                 Hexes                        3
   e - Dazzling Spray                 Conjuration/Hexes            3
   Trog disapproves of the use of such an item.
Comestibles
 c - 11 rations
 s - 4 chunks of flesh


   Skills:
 + Level 6.6 Fighting
 - Level 4.1(5.2) Axes
 - Level 3.0(4.0) Maces & Flails
 + Level 3.6(4.6) Polearms
 + Level 4.1 Throwing
 + Level 6.1 Armour
 + Level 5.5 Dodging


You had 7 spell levels left.
You didn't know any spells.

Dungeon Overview and Level Annotations

Branches:
Dungeon (6/15)
 Temple: D:4-7

Altars:
Cheibriados
Sif Muna
Yredelemnul


Innate Abilities, Weirdness & Mutations

You reflexively headbutt those who attack you in melee.
You have a pair of horns on your head.


Message History

* * * LOW HITPOINT WARNING * * *
A quokka comes into view.
You miss the electric eel.
The electric eel is severely wounded.
The bullfrog barely misses you.
The electric eel shoots out a bolt of lightning at you!
The bolt of electricity hits you!
* * * LOW HITPOINT WARNING * * *
You puncture the electric eel!
You kill the electric eel!
Trog accepts your kill. The bullfrog barely misses you.
The quokka bites you but does no damage.
Unknown command.
You puncture the electric eel!
The electric eel is severely wounded.
The bullfrog barely misses you.
The electric eel shoots out a bolt of lightning at you!
The bolt of electricity hits you!
You die...

#######################
.......................
### ##......##########
.##≈≈. #......#
#..≈≈.###....## .
##.≈≈≈F#......#≈≈P.
...≈≈≈Z@.$.!...≈≈≈P.
...≈≈≈;#r.....#≈≈≈≈.
#[.≈≈.###....###.≈≈.
#.# .#.≈≈≈ #......#
≈≈≈. #.# ...≈≈
≈....?...≈ ≈.. #.#
...≈≈≈≈#......#≈ P. #.#
..P≈≈.###.(..###? #.#
.##.≈≈ ...... ≈≈ #.#


You could see a bullfrog, an electric eel, a quokka and a wyvern skeleton.

Vanquished Creatures
  Prince Ribbit (D:5)
  Grinder (D:5)
  Sigmund (D:6)
  The ghost of Serooblart the Skirmisher, an amateur MiBe of Trog (D:3)
  A bullfrog (D:4)
  An electric eel (D:6)
  A howler monkey (D:4)
  A crimson imp (D:5)
  2 orc priests (D:4)
  A gnoll shaman (D:4)
  A bullfrog skeleton (D:5)
  3 orc wizards
  Ijyb (D:4)
  3 worker ants
  3 iguanas (D:4)
  A hound skeleton (D:4)
  A worker ant zombie (D:5)
  4 adders
  6 gnolls
  A shadow imp (D:5)
  2 worms (D:2)
  A dart slug (D:2)
  3 leopard geckos
  10 orcs
  3 giant cockroaches
  4 goblins
  9 hobgoblins
  6 jackals
  6 kobolds
  2 quokkas
  A ball python (D:1)
  6 bats
  4 frilled lizards
  4 rats
96 creatures vanquished.

Notes
Turn   | Place    | Note
-------+----------+-------------------------------------------
     0 | D:1      | teukkam the Minotaur Berserker began the quest for the Orb.
     0 | D:1      | Reached XP level 1. HP: 19/19 MP: 0/0
   172 | D:1      | Reached XP level 2. HP: 23/27 MP: 1/1
   261 | D:1      | You fall through a shaft!
   552 | D:2      | Reached XP level 3. HP: 30/33 MP: 2/2
  1680 | D:3      | Reached ** piety under Trog
  1785 | D:3      | Found a basalt altar of Yredelemnul.
  1877 | D:3      | Found a deep blue altar of Sif Muna.
  1953 | D:3      | Found a snail-covered altar of Cheibriados.
  2037 | D:3      | Reached XP level 4. HP: 37/40 MP: 3/3
  2041 | D:3      | Reached skill level 1 in Maces & Flails
  2167 | D:3      | Noticed Serooblart's ghost (amateur MiBe)
  2179 | D:3      | Killed Serooblart's ghost
  2179 | D:3      | Reached skill level 1 in Throwing
  2179 | D:3      | Reached XP level 5. HP: 47/47 MP: 4/4
  2516 | D:4      | Noticed Ijyb
  2530 | D:4      | Killed Ijyb
  2574 | D:4      | Reached XP level 6. HP: 55/55 MP: 5/5
  2665 | D:4      | Reached skill level 5 in Fighting
  2954 | D:4      | Reached XP level 7. HP: 56/61 MP: 2/6
  2961 | D:4      | Reached skill level 1 in Polearms
  3089 | D:4      | Reached *** piety under Trog
  3471 | D:5      | Entered Level 5 of the Dungeon
  3512 | D:5      | Noticed Grinder
  3527 | D:5      | Killed Grinder
  3527 | D:5      | Received a gift from Trog
  3527 | D:5      | Reached skill level 5 in Armour
  3734 | D:5      | Noticed Prince Ribbit
  3750 | D:5      | Killed Prince Ribbit
  3750 | D:5      | Reached skill level 5 in Dodging
  3750 | D:5      | Reached XP level 8. HP: 26/70 MP: 2/7
  4608 | D:6      | Noticed Sigmund
  4612 | D:6      | Killed Sigmund
  4729 | D:6      | Killed from afar by an electric eel

Skill      XL: |  1  2  3  4  5  6  7  8 |
---------------+-------------------------+-----
Fighting       | 4 5 6 |  6.6
Axes           | 4 |  4.1
Armour         | 3 4 5 6 |  6.1
Dodging        | 3 4 5 |  5.5
Maces & Flails | 1 2 3 |  3.0
Throwing       | 1 2 3 4 |  4.1
Polearms       | 2 3 |  3.6

Action                   |  1- 3 |  4- 6 |  7- 9 || total
-------------------------+-------+-------+-------++-------
Melee: Hand axe          |    66 |       |       ||    66
       Headbutt          |    16 |    16 |    11 ||    43
       Whip              |    34 |    63 |       ||    97
       Trident           |       |     9 |    68 ||    77
Throw: Javelin           |    17 |    16 |    21 ||    54
Invok: Berserk           |     1 |     3 |     2 ||     6
Evoke: Wand              |       |       |     1 ||     1
  Use: Scroll            |       |     2 |     5 ||     7
  Eat: Ration            |     1 |     1 |     1 ||     3
       Chunk             |     1 |     2 |     4 ||     7
Armor: Animal skin       |    28 |       |       ||    28
       Ring mail         |       |    17 |       ||    17
       Chain mail        |       |    16 |    24 ||    40
Dodge: Dodged            |    52 |    31 |    31 ||   114
